 Dungeon Crawl Stone Soup version 0.23-a0-629-gae4348f (console) character file.

101 bli the Slasher (level 4, -2/40 HPs)
             Began as a Draconian Monk on Dec 25, 2018.
             Was a Believer of Dithmenos.
             Slain by Crazy Yiuf
             ... wielding a +3 quarterstaff of chaos
              (5 damage)
             ... on level 2 of the Dungeon.
             The game lasted 00:06:25 (1492 turns).

bli the Slasher (Draconian Monk)                    Turns: 1492, Time: 00:06:26

Health: -2/40      AC:  5    Str: 14    XL:     4   Next: 48%
Magic:  4/4        EV: 13    Int: 10    God:    Dithmenos [**....]
Gold:   99         SH:  0    Dex: 14    Spells: 3/3 levels left

rFire    + . .     SeeInvis .   a - +0 falchion
rCold    x . .     Gourm    .   (no shield)
rNeg     . . .     Faith    .   (armour unavailable)
rPois    .         Spirit   .   (helmet restricted)
rElec    .         Reflect  .   (no cloak)
rCorr    .         Harm     .   (no gloves)
MR       .....                  (no boots)
Stlth    ++........             (no amulet)
HPRegen  0.13/turn              q - ring of fire
MPRegen  0.09/turn              (no ring)

@: lethally poisoned (-2 -> -21), hasted, wreathed by umbra, very quick
A: unfitting armour, cold-blooded, AC +5
a: Shadow Step, Renounce Religion


You were on level 2 of the Dungeon.
You worshipped Dithmenos.
Dithmenos was pleased with you.
You were not hungry.

You visited 1 branch of the dungeon, and saw 2 of its levels.

You collected 99 gold pieces.

Inventory:

Hand Weapons
 a - a +0 falchion (weapon)
 h - a +0 hunting sling
Missiles
 f - 105 stones (quivered)
 o - 20 sling bullets
 p - 7 tomahawks
Jewellery
 q - a ring of fire (left hand)
Scrolls
 c - a scroll of teleportation {unknown}
 g - 2 scrolls of fear {unknown}
 j - a scroll of enchant armour {unknown}
 k - 2 scrolls of amnesia {unknown}
 m - 2 scrolls of remove curse {unknown}
Potions
 e - a potion of flight {unknown}
 i - a potion of heal wounds {unknown}
 l - a potion of cancellation {unknown}
 n - a potion of resistance {unknown}
Comestibles
 b - 4 rations
 d - 5 chunks of flesh


   Skills:
 + Level 4.0 Fighting
 * Level 4.3 Long Blades
 + Level 3.2 Dodging
 + Level 1.9 Stealth


You had 3 spell levels left.
You didn't know any spells.
Your spell library was empty.

Dungeon Overview and Level Annotations

Branches:
Dungeon (2/15)

Altars:
Cheibriados
Dithmenos
Gozag

Annotations:
D:2 Crazy Yiuf


Innate Abilities, Weirdness & Mutations

Your plain brown scales are hard. (AC +5)
You cannot fit into any form of body armour.
You are cold-blooded and may be slowed by cold attacks.


Message History

Crazy Yiuf barely misses you.
You closely miss Crazy Yiuf.
Crazy Yiuf is moderately wounded.
You feel very sick.
Crazy Yiuf hits you with a +3 quarterstaff of chaos.
You feel yourself speed up.
You barely miss Crazy Yiuf.
Crazy Yiuf is moderately wounded.
You feel sick.
Crazy Yiuf hits you with a +3 quarterstaff of chaos!
* * * LOW HITPOINT WARNING * * *
Crazy Yiuf draws strength from your wounds!
You closely miss Crazy Yiuf.
* * * LOW HITPOINT WARNING * * *
You feel sick.
You closely miss Crazy Yiuf.
* * * LOW HITPOINT WARNING * * *
You feel sick.
Crazy Yiuf hits you with a +3 quarterstaff of chaos.
You die...

#####......#
#....#
#.##........
..........#
#....#
#.##........
...........#
##...#
#.##........
..........##
##.##
#.##........
..........#
##.#
#.##........
.....)....#
#.##
#.##........
..........#
##.#
#.##########
#.## #.#
##'## #...#
#.@.# #)g.#
#####


You could see Crazy Yiuf.

Vanquished Creatures
  3 adders (D:2)
  An ooze (D:2)
  A worm (D:2)
  2 dart slugs
  2 leopard geckos (D:1)
  2 ball pythons (D:1)
  5 giant cockroaches
  7 goblins
  4 hobgoblins
  7 jackals
  6 bats
  2 frilled lizards (D:1)
  11 kobolds
  5 rats
58 creatures vanquished.

Notes
Turn   | Place    | Note
-------+----------+-------------------------------------------
     0 | D:1      | bli the Draconian Monk began the quest for the Orb.
     0 | D:1      | Reached XP level 1. HP: 19/19 MP: 1/1
   103 | D:1      | Reached XP level 2. HP: 23/26 MP: 2/2
   370 | D:1      | Reached XP level 3. HP: 33/33 MP: 3/3
   743 | D:2      | Found a shadowy altar of Dithmenos.
   766 | D:2      | Became a worshipper of Dithmenos the Shadowed
   766 | D:2      | Reached * piety under Dithmenos
   766 | D:2      | Reached ** piety under Dithmenos
   954 | D:2      | Reached XP level 4. HP: 28/40 MP: 4/4
  1249 | D:2      | Found a snail-covered altar of Cheibriados.
  1250 | D:2      | Found an opulent altar of Gozag.
  1478 | D:2      | Found a runed door.
  1482 | D:2      | Noticed Crazy Yiuf
  1492 | D:2      | Slain by Crazy Yiuf

Vault maps used:
D:1:      dpeg_arrival_rooms_a, st_stairs_1
D:2:      wander_river, nicolae_dithmenos_through_a_glass_darkly,
          grunt_temple_overflow_open, serial_curves, eino_curves_02,
          eino_curves_02, uniq_crazy_yiuf_cottage

Skill      XL: |  1  2  3 |
---------------+----------+-----
Dodging        | 3 |  3.2
Fighting       | 4 |  4.0
Long Blades    | 4 |  4.3
Stealth        | |  1.9

Action                   |  1- 3 |  4- 6 || total
-------------------------+-------+-------++-------
Melee: Falchion          |   109 |    52 ||   161
       Tailslap          |    14 |     7 ||    21
 Stab: Sleeping          |     3 |     2 ||     5
  Eat: Chunk             |       |     2 ||     2
Armor: Skin              |    36 |    11 ||    47
Dodge: Dodged            |   110 |    38 ||   148
       Rpst.: Falchion   |    30 |    13 ||    43

Table legend:
 A = Non-vault XP
 B = Vault XP
 C = Vault XP percentage of total XP
 D = Non-vault monster count
 E = Vault monster count
 F = Vault count percentage of total count
                 A         B        C        D         E       F
            +---------+---------+-------+---------+---------+-------
      Total |     141 |       4 |   2.8 |      56 |       2 |   3.4
            +---------+---------+-------+---------+---------+-------
        D:1 |      53 |       4 |   7.0 |      28 |       2 |   6.7
        D:2 |      88 |       0 |   0.0 |      28 |       0 |   0.0
            +---------+---------+-------+---------+---------+-------
